Map: Catalyst LE

Players

Must - Winner!

  • Race: Zerg Zerg
  • Spawn Location: 11:00

VOD

Have the link to the VOD?

Description

Time

  • Played on: July 20, 2018, 12:20 a.m.
  • Length: 18:03
Show
View Real Time Build Order
Export as new Build Order

Must Zerg - Winner!

Build Orders:  

Get SALT Encoding   

  12  0:01  Drone  
  13  0:18  Overlord  
  13  0:24  Drone  
  14  0:45  Drone x2  
  16  1:14  Hatchery  
  16  1:16  Drone  
  16  1:41  Spawning Pool  
  16  1:43  Drone  
  16  1:47  Drone  
  17  1:54  Drone  
  18  2:05  Extractor  
  18  2:06  Drone  
  18  2:16  Drone  
  19  2:28  Drone  
  20  2:44  Drone  
  21  2:54  Queen  
  21  2:55  Overlord  
  21  2:56  Queen  
  25  3:15  Overlord, Drone  
  25  3:16  Drone  
  27  3:31  Zergling x2  
  27  3:35  Zergling x2  
  29  3:41  Drone  
  30  3:56  Drone x2  
  32  4:26  Drone  
  32  4:27  Drone x3  
  36  4:31  Queen  
  36  4:36  Drone x6  
  43  4:46  Roach Warren  
  43  4:47  Extractor  
  41  4:50  Lair  
  41  4:51  Extractor  
  41  4:54  Drone x2  
  41  4:56  Extractor  
  41  5:10  Drone x3  
  44  5:22  Evolution Chamber  
  44  5:25  Evolution Chamber  
  42  5:48  Drone x2  
  44  5:50  Overlord x2  
  44  5:52  Glial Reconstitution  
  43  6:15  Overlord  
  43  6:17  Drone x7  
  50  6:44  Drone  
  50  6:45  Drone x4  
  55  7:06  Zerg Ground Armor Level 1, Zerg Missile Weapons Level 1  
  55  7:10  Roach x3  
  55  7:11  Roach x2  
  65  7:25  Roach  
  65  7:26  Overlord  
  65  7:27  Overlord  
  67  7:55  Hatchery  
  66  8:06  Roach x7  
  66  8:07  Roach  
  83  8:48  Overlord  
  83  8:53  Overlord  
  83  8:54  Overlord  
  83  9:13  Queen  
  83  9:14  Roach x3  
  91  9:20  Roach, Overlord  
  91  9:21  Roach x4  
  91  9:26  Metabolic Boost  
  101  9:47  Roach x3  
  101  9:48  Roach x4  
  115  10:04  Roach x3  
  115  10:09  Overlord x3  
  121  10:20  Zerg Missile Weapons Level 2, Zerg Ground Armor Level 2  
  121  10:32  Infestation Pit  
  121  10:33  Overlord  
  121  10:35  Drone  
  121  10:36  Drone x5  
  126  10:47  Drone  
  126  10:48  Drone x2  
  129  11:30  Hatchery  
  129  11:34  Roach x6  
  129  11:35  Drone x6  
  129  11:36  Drone x3  
  149  11:40  Extractor  
  149  11:43  Extractor  
  147  11:56  Overlord x2  
  153  12:36  Overlord  
  153  12:37  Overlord x2  
  153  12:43  Hive  
  119  13:00  Roach x3  
  119  13:01  Roach x13  
  151  13:23  Roach x10  
  125  14:15  Roach  
  125  14:16  Roach x15  
  156  14:43  Roach x3  
  156  14:44  Roach x2  
  166  14:58  Roach x5  
  151  15:47  Roach x11  
  151  15:48  Roach x2  
  177  16:01  Overlord  
  177  16:02  Overlord x3  
  170  16:22  Hatchery  
  183  17:16  Hydralisk Den  
Tags
 
Add a new tag
Caveats
  • Supply blocks, unpowered buildings, or Contaminate may cause inaccurate times.
  • Supply counts are checked every 10 seconds.